 Dungeon Crawl Stone Soup version 0.18-a0-373-gaf408bd (webtiles) character file.

2811 4thArraOfDagon the Basher (level 9, -24/90 HPs)
             Began as an Ogre Hunter on Nov 29, 2015.
             Was an Elder of Cheibriados.
             Annihilated by an orc knight
             ... wielding a +0 glaive
              (36 damage)
             ... in a bailey.
             The game lasted 00:18:47 (2648 turns).

4thArraOfDagon the Basher (Ogre Hunter)             Turns: 2648, Time: 00:18:47

Health: -24/90     AC:  6    Str: 28      XL:     9   Next: 72%
Magic:  7/12       EV: 12    Int: 26      God:    Cheibriados [****..]
Gold:   180        SH:  0    Dex: 18 (19) Spells: 0 memorised, 8 levels left

rFire  . . .     SeeInvis .     w - +0 giant spiked club
rCold  + . .     Clarity  .     b - +0 robe
rNeg   . . .     SustAt   .     (shield currently unavailable)
rPois  .         Gourm    .     (helmet restricted)
rElec  .         Spirit   .     q - +1 cloak
rCorr  .         Warding  .     (gloves unavailable)
rMut   .         Stasis   .     (boots unavailable)
MR     .....                    g - amulet of faith
Stlth  ++........               a - ring of protection from cold
                                f - +4 ring of intelligence

@: very slow, not resistant to hostile enchantments, unstealthy
A: unfitting armour, molten scales 1, frail 1, spit poison 1, tough skin 1
a: Spit Poison, Bend Time, Temporal Distortion, Slouch, Renounce Religion


You were in a bailey.
You worshipped Cheibriados.
Cheibriados was greatly pleased with you.
You were hungry.

You visited 2 branches of the dungeon, and saw 9 of its levels.
You also visited: Bailey.

You collected 320 gold pieces.
You spent 140 gold pieces at shops.

Inventory:

Hand Weapons
 i - a +0 whip
 j - a +0 mace
 l - the +2 dagger "Byulann" {drain, rPois rC+ Str+2 Int+2}
   (You found it on level 5 of the Dungeon)

   A truly terrible weapon, it drains the life of those it strikes.
   It affects your strength (+2).
   It affects your intelligence (+2).
   It protects you from cold.
   It protects you from poison.
 s - a +0 giant club
 w - a +0 giant spiked club (weapon)
Missiles
 u - 46 stones (quivered)
Armour
 b - a +0 robe (worn)
 q - a +1 cloak (worn)
Jewellery
 a - a ring of protection from cold (right hand)
 f - a +4 ring of intelligence (left hand)
 g - an amulet of faith (around neck)
Scrolls
 k - a scroll of amnesia
 n - a scroll of fear
Potions
 d - 3 potions of curing
Comestibles
 e - 5 bread rations
 h - a meat ration
 o - 2 slices of pizza
 r - a royal jelly


   Skills:
 + Level 9.4 Fighting
 * Level 12.0 Maces & Flails
 - Level 4.0 Throwing
 + Level 3.9 Dodging
 - Level 0.7 Stealth
 + Level 4.0 Invocations


You had 8 spell levels left.
You didn't know any spells.

Dungeon Overview and Level Annotations

Branches:
Dungeon (8/15)             Temple (1/1) D:7
   Lair: D:8-11

Altars:
Cheibriados
Dithmenos
Elyvilon
Fedhas
Gozag
Kikubaaqudgha
Makhleb
Nemelex Xobeh
Okawaru
Qazlal
Ru
Sif Muna
Trog
Xom
Yredelemnul
The Shining One

Shops:
D:4 *


Innate Abilities, Weirdness & Mutations

You are too large for most types of armour.
You have tough skin (AC +1).
You are partially covered in molten scales (AC +1).
You are frail (-10% HP).
You can spit weak poison.


Message History

You are too injured to fight recklessly!
You thump the orc knight!
The orc knight is heavily wounded.
The orc knight hits you but does no damage.
Drink which item? (? for menu, Esc to quit)
Okay, then.
You barely miss the orc knight.
The orc knight is heavily wounded.
The orc knight hits you with a glaive!
* * * LOW HITPOINT WARNING * * *
Unknown command.
You hit the orc knight.
The orc knight is heavily wounded.
The orc knight barely misses you.
Unknown command.
You can feel time thicken for a moment.
You are feeling hungry.
Cheibriados reduces the support of your attributes as your movement quickens.
The orc knight hits you with a glaive!!!
You die...

#######
##..∩..##
#..)....#
#∩)))).∩#
#.).)..@#
#)).).o.#
#.......#
#)..)...#
#.......#
#.......#
#.).....#
#...(...#
##.....##


You could see an orc knight.

Vanquished Creatures
  Sigmund (D:3)
  A hungry ghost (D:7)
  7 orc warriors (Bailey)
  2 ice beasts (D:6)
  A black bear (D:7)
  3 ogres
  A centaur (D:8)
  A necrophage (D:6)
  3 giant frogs (D:6)
  2 scorpions
  A wyvern skeleton (D:7)
  A killer bee (D:6)
  6 hounds
  A giant frog skeleton (D:5)
  4 orc priests
  4 worker ants
  4 iguanas
  3 orc wizards
  A hound skeleton (D:5)
  4 gnolls
  6 adders
  An adder skeleton (D:5)
  2 adder zombies (D:6)
  A worm (D:3)
  6 giant geckos
  34 orcs
  2 bats
  3 giant cockroaches
  7 jackals
  3 kobolds
  3 quokkas
  A giant newt (D:4)
  A jackal skeleton (D:7)
  A quokka zombie (D:6)
  3 rats
125 creatures vanquished.

Notes
Turn   | Place    | Note
--------------------------------------------------------------
     0 | D:1      | 4thArraOfDagon the Ogre Hunter began the quest for the Orb.
     0 | D:1      | Reached XP level 1. HP: 22/22 MP: 1/1
    82 | D:2      | Reached XP level 2. HP: 24/31 MP: 2/2
   242 | D:4      | Reached XP level 3. HP: 37/39 MP: 3/3
   255 | D:4      | Reached XP level 4. HP: 42/49 MP: 4/4
   324 | D:4      | Found Inla's General Store.
   331 | D:4      | Bought a scroll of magic mapping for 49 gold pieces
   360 | D:4      | Reached XP level 5. HP: 41/55 MP: 5/5
   381 | D:4      | Found a white marble altar of Elyvilon.
   382 | D:4      | Found a deep blue altar of Sif Muna.
   405 | D:5      | Entered Level 5 of the Dungeon
   544 | D:5      | Reached skill level 5 in Fighting
   544 | D:5      | Reached skill level 5 in Maces & Flails
   599 | D:5      | Got a twisted dagger
   602 | D:5      | Identified the +2 dagger "Byulann" {drain, rPois rC+ Str+2 Int+2} (You found it on level 5 of the Dungeon)
   675 | D:5      | Reached XP level 6. HP: 66/66 MP: 6/6
   780 | D:6      | Reached skill level 6 in Maces & Flails
   834 | D:6      | Reached skill level 7 in Maces & Flails
   856 | D:6      | Reached XP level 7. HP: 70/75 MP: 7/7
   990 | D:6      | Reached skill level 8 in Maces & Flails
  1151 | D:7      | Noticed a hungry ghost
  1155 | D:7      | Killed a hungry ghost
  1155 | D:7      | Reached skill level 9 in Maces & Flails
  1155 | D:7      | Reached XP level 8. HP: 87/87 MP: 8/8
  1237 | D:7      | Found a staircase to the Ecumenical Temple.
  1248 | Temple   | Entered the Ecumenical Temple
  1326 | Temple   | Became a worshipper of Cheibriados the Contemplative
  1537 | D:4      | Reached skill level 10 in Maces & Flails
  1616 | D:4      | Reached skill level 1 in Invocations
  1653 | D:3      | Reached * piety under Cheibriados
  1655 | D:3      | Noticed Sigmund
  1664 | D:3      | Killed Sigmund
  1733 | D:3      | Found an iron altar of Okawaru.
  1886 | D:4      | Bought a scroll of identify for 28 gold pieces
  1886 | D:4      | Bought a potion of mutation for 35 gold pieces
  1886 | D:4      | Bought a scroll of identify for 28 gold pieces
  1886 | D:4      | Gained mutation: You are frail (-10% HP). [potion of mutation]
  1886 | D:4      | Gained mutation: You can spit weak poison. [potion of mutation]
  1886 | D:4      | Gained mutation: You are partially covered in molten scales (AC +1). [potion of mutation]
  1981 | D:5      | Reached ** piety under Cheibriados
  2016 | D:6      | Reached XP level 9. HP: 87/87 MP: 10/10
  2096 | D:5      | Reached skill level 11 in Maces & Flails
  2275 | D:8      | Reached *** piety under Cheibriados
  2316 | D:8      | Found a flagged portal.
  2327 | Bailey   | Entered a bailey
  2501 | Bailey   | Reached **** piety under Cheibriados
  2593 | Bailey   | Reached skill level 12 in Maces & Flails
  2631 | Bailey   | Noticed an orc knight
  2648 | Bailey   | Annihilated by an orc knight

Vault maps used:
D:1:      onia_arrival_larder, hangedman_abyss_or_decor_lesser_grid
D:3:      marbit_many_paths, uniq_sigmund
D:4:      gammafunk_temple_overflow_statue, serial_shops, shop,
          nicolae_ossuary_entry_ruins, first_bread
D:5:      lemuel_coloured_pillars_altar, grunt_ministairs_11,
          minmay_door_square, hangedman_decor_points, nicolae_for_you_no_charge
D:7:      minmay_temple_entry_glassed_door
D:8:      enter_bailey_8, serial_shops, kennysheep_mini_moat
Temple:   chambers_temple_14
Bailey:   bailey_polearm_5, bailey

Action                   |  1- 3 |  4- 6 |  7- 9 || total
-------------------------+-------+-------+-------++-------
Melee: Short sword       |    16 |       |       ||    16
       Whip              |       |    25 |       ||    25
       Dagger            |       |     6 |       ||     6
       Giant spiked club |       |       |   152 ||   152
Throw: Large rock        |     9 |    20 |    37 ||    66
       Throwing net      |     2 |     5 |     3 ||    10
       Javelin           |       |    14 |    41 ||    55
       Stone             |       |       |     5 ||     5
Invok: Slouch            |       |       |     1 ||     1
 Abil: Spit Poison       |       |       |     1 ||     1
  Use: Potion            |     1 |       |    14 ||    15
       Scroll            |       |     5 |    11 ||    16
 Stab: Sleeping          |     1 |       |     1 ||     2
  Eat: Chunk             |       |       |     3 ||     3
       Beef jerky        |       |       |     1 ||     1
